 Dungeon Crawl Stone Soup version 0.31-a0-1074-g0b22e4e0f1 (webtiles) character file.

Game seed: 1780115637819500333

296 Dirtsage the Slasher (level 6, -1/47 HPs)
             Began as a Demonspawn Monk on Nov 26, 2023.
             Slain by Duvessa
             ... wielding a +0 rapier
              (7 damage)
             ... on level 4 of the Dungeon.
             The game lasted 00:03:37 (2949 turns).

Dirtsage the Slasher (Demonspawn Monk)              Turns: 2949, Time: 00:03:38

Health: -1/47      AC:  5    Str: 12    XL:     6   Next: 12%
Magic:  6/6        EV: 13    Int: 11    God:
Gold:   170        SH:  4    Dex: 17    Spells: 5/5 levels left

rFire   . . .        a - +0 falchion
rCold   . . .        d - orb {light}
rNeg    . . .        g - +0 ring mail
rPois   .            (helmet restricted)
rElec   .            (no cloak)
rCorr   .            (no gloves)
SInv    .            (no boots)
Will    .....        (no amulet)
Stlth   +            (no ring)
HPRegen 0.27/turn    (no ring)
MPRegen 0.10/turn

%: no passive effects
@: glowing, studying Shields
A: horns 1, repulsion field 1, condensation shield
a: no special abilities


You were on level 4 of the Dungeon.
You visited 1 branch of the dungeon, and saw 4 of its levels.

You collected 170 gold pieces.

Inventory:

Hand Weapons
 a - a +0 falchion (weapon)
Armour
 b - a +0 robe
 d - an orb of light (worn)
 g - a +0 ring mail (worn)
Wands
 D - a wand of digging (2)
Scrolls
 e - 4 scrolls of identify {unknown}
 i - 3 scrolls of revelation {unknown}
 n - a scroll of immolation {unknown}
 p - 3 scrolls of teleportation {unknown}
Potions
 f - a potion of mutation {unknown}
 h - a potion of curing {unknown}
 j - a potion of heal wounds {unknown}
 k - a potion of magic {unknown}
 l - a potion of lignification {unknown}
 m - a potion of might {unknown}
 o - a potion of attraction {unknown}


   Skills:
 - Level 3.0 Fighting
 + Level 6.3 Long Blades
 - Level 2.6 Dodging


You had 5 spell levels left.
You didn't know any spells.
Your spell library was empty.

Dungeon Overview and Level Annotations

Branches:
Dungeon (4/15)
 Temple: D:4-7

Altars:

Annotations:
D:4 Dowan, Duvessa


Innate Abilities, Weirdness & Mutations

You have a pair of small horns on your head.
You are surrounded by a mild repulsion field. (EV +2)
A meltable shield of frost defends you. (SH +4)


Message History

Duvessa is lightly wounded.
Duvessa hits you with a +0 rapier.
You take 5 damage, and have 42/47 hp.
You hit Duvessa but do no damage.
Duvessa is lightly wounded.
Duvessa hits you with a +0 rapier.
You take 3 damage, and have 39/47 hp.
You hit Duvessa but do no damage.
Duvessa is lightly wounded.
Duvessa hits you with a +0 rapier!
The ball python bites you but does no damage.
The ball python barely misses you.
You take 10 damage, and have 29/47 hp.
MASSIVE DAMAGE!!
Duvessa attacks as she pursues you! Duvessa hits you with a +0 rapier.
You take 3 damage, and have 26/47 hp.
The ball python barely misses you. The ball python misses you.
The gnoll shouts!
The gnoll attacks as it pursues you! The gnoll closely misses you.
Duvessa says, "My weaknesses are his strengths!"
Dowan shouts!
Duvessa attacks as she pursues you! Duvessa barely misses you.
Found an escape hatch in the floor.
A worm comes into view.
Duvessa attacks as she pursues you! Duvessa hits you with a +0 rapier.
You take 2 damage, and have 25/47 hp.
Duvessa attacks as she pursues you! Duvessa hits you with a +0 rapier!
* * * LOW HITPOINT WARNING * * *
You take 11 damage, and have 14/47 hp.
MASSIVE DAMAGE!!
A gnoll bouda comes into view. It is wielding a +0 club.
The gnoll bouda shouts!
A gnoll comes into view. It is wielding a +0 flail.
The gnoll shouts!
The gnoll bouda misses you.
You hit the gnoll. You headbutt the gnoll.
The gnoll is moderately wounded.
The gnoll hits you with a +0 flail!
* * * LOW HITPOINT WARNING * * *
The gnoll bouda hits you but does no damage.
Duvessa hits you with a +0 rapier!
You die...

.###
..##...#.)##..######.
.... ....
.....#.##..........
.... ....
....#.#g..e.......
#....
#'.#ge#######....
#....###..#w###..# ..
............'....# .
............#....'.
......g.eS..##...##
....).g@....# ...#
.............?.....
#..(.###....##.....
#... #....# .... ...
.....# . .. .....# .
...... ......


You could see Duvessa, Dowan, a gnoll bouda, a worm, 3 gnolls and a ball python.

Vanquished Creatures
  A scorpion (D:4)
  An orc priest (D:4)
  A hound (D:3)
  Robin (D:3)
  4 adders
  3 gnolls
  3 worms (D:2)
  A dart slug (D:3)
  9 orcs
  7 ball pythons
  5 endoplasms
  3 giant cockroaches
  5 hobgoblins
  7 jackals
  3 kobolds
  2 quokkas (D:2)
  4 bats
  A frilled lizard (D:3)
  15 goblins
  6 rats
82 creatures vanquished.

Notes
Turn   | Place    | Note
-------+----------+-------------------------------------------
     0 | D:1      | Dirtsage the Demonspawn Monk began the quest for the Orb.
     0 | D:1      | Reached XP level 1. HP: 18/18 MP: 1/1
     3 | D:1      | Noticed an electric eel
    66 | D:1      | Reached skill level 3 in Long Blades
   206 | D:1      | Gained mutation: You are surrounded by a mild repulsion
                  | field. (EV +2) [demonic ancestry]
   206 | D:1      | Reached XP level 2. HP: 22/24 MP: 2/2
   751 | D:2      | Gained mutation: You have a pair of small horns on your
                  | head. [demonic ancestry]
   751 | D:2      | Reached XP level 3. HP: 27/29 MP: 3/3
   863 | D:2      | Reached skill level 4 in Long Blades
  1444 | D:2      | Reached XP level 4. HP: 35/35 MP: 4/4
  1919 | D:3      | Reached skill level 5 in Long Blades
  1938 | D:3      | Noticed Robin
  1942 | D:3      | Killed Robin
  1943 | D:3      | Reached XP level 5. HP: 41/41 MP: 5/5
  2413 | D:3      | HP: 2/41 [poisoned by a gnoll]
  2433 | D:4      | Noticed Duvessa
  2433 | D:4      | Noticed Dowan
  2711 | D:4      | HP: 2/41 [poisoned by a scorpion]
  2722 | D:4      | Reached skill level 6 in Long Blades
  2722 | D:4      | Gained mutation: A meltable shield of frost defends you.
                  | (SH +4) [demonic ancestry]
  2722 | D:4      | Reached XP level 6. HP: 20/47 MP: 6/6
  2949 | D:4      | Slain by Duvessa

Illustrated notes

Levels and vault maps discovered:
D:1:      arrival_aquarium_a, layout_basic, st_stairs_8
D:2:      layout_loops_corners, serial_forest, infiniplex_forest_lined_room_,
          infiniplex_forest_corner_1, infiniplex_forest_straight_4,
          infiniplex_forest_lined_1, infiniplex_forest_lined_ring
D:3:      layout_loops_ring, uniq_robin
D:4:      layout_gridville, lemuel_zombie_altar_kikubaaqudgha,
          minmay_temple_entry_proselytizer, minmay_cut_off, uniq_duvessa

Skill      XL: |  1  2  3  4  5 |
---------------+----------------+-----
Long Blades    | 3 4 5 6 |  6.3
Fighting       | |  3.0
Dodging        | |  2.6

Action                     |  1- 3 |  4- 6 || total
---------------------------+-------+-------++-------
  Melee: Falchion          |    87 |   105 ||   192
         Headbutt          |     6 |    20 ||    26
    Use: Potion            |       |     1 ||     1
 Armour: Robe              |    11 |       ||    11
         Ring mail         |    29 |    62 ||    91
  Dodge: Dodged            |    53 |    57 ||   110

Table legend: (Time is in decaauts)
 A = Elapsed time spent in this place.
 B = Non-inter-level travel time spent in this place.
 C = Inter-level travel time spent in this place.
 D = Time resting spent in this place.
 E = Time spent auto-exploring this place.
 F = Levels seen in this place.
 G = Mean time per level.
                   A        B        C        D        E       F      G
               +--------+--------+--------+--------+--------+-----+--------+
         Total |   2962 |   2843 |    119 |    131 |   2233 |   4 |  740.5 |
       Dungeon |   2962 |   2843 |    119 |    131 |   2233 |   4 |  740.5 |
               +--------+--------+--------+--------+--------+-----+--------+

Top non-repeatable levels by time:
     D:2: 1094 daAuts
     D:1: 750 daAuts
     D:3: 740 daAuts
     D:4: 377 daAuts
